 Dungeon Crawl Stone Soup version 0.18-a0-49-gd105b5a (webtiles) character file.

161 SlimeFever the Ruffian (level 5, -1/46 HPs)
             Began as a Ghoul Monk on Nov 7, 2015.
             Slain by a gnoll
             ... wielding a +0 spear
              (5 damage)
             ... on level 4 of the Dungeon.
             The game lasted 00:20:04 (2486 turns).

SlimeFever the Ruffian (Ghoul Monk)                 Turns: 2486, Time: 00:20:04

Health: -1/46      AC:  5    Str: 15    XL:     5   Next: 42%
Magic:  4/4        EV: 13    Int:  5    God:
Gold:   106        SH:  0    Dex: 12    Spells: 0 memorised, 4 levels left

rFire  . . .     SeeInvis +       - Unarmed
rCold  + . .     Clarity  .     o - +1 robe
rNeg   + + +     SustAt   .     (no shield)
rPois  ∞         Gourm    .     (no helmet)
rElec  .         Spirit   .     e - +0 cloak
rCorr  .         Warding  .     (no gloves)
rMut   .         Stasis   .     d - +0 pair of boots
MR     .....                    (no amulet)
Stlth  ++........               (no ring)
                                l - ring of see invisible

@: rotting, not resistant to hostile enchantments, unstealthy
A: rotting body, claws 1, carnivore 3, cold resistance 1, negative energy
resistance 3, slow regeneration 1, torment resistance, unbreathing
a: no special abilities


You were on level 4 of the Dungeon.
You were not hungry.

You visited 1 branch of the dungeon, and saw 4 of its levels.

You collected 106 gold pieces.

Inventory:

Hand Weapons
 a - a +0 hunting sling
 s - a +0 blowgun
Missiles
 c - 18 bolts
 i - 17 sling bullets
 k - 50 arrows
 t - 4 poisoned needles
Armour
 d - a +0 pair of boots (worn)
 e - a +0 cloak (worn)
 o - a +1 robe (worn)
Jewellery
 l - a ring of see invisible (left claw)
Scrolls
 f - a scroll of immolation
 j - 6 scrolls of magic mapping
 n - a scroll of enchant armour
Potions
 g - a potion of resistance {unknown}
 p - a potion of curing
Comestibles
 b - 3 meat rations
 h - 2 beef jerkies
 m - 2 chunks of flesh


   Skills:
 + Level 3.9 Fighting
 + Level 3.7 Dodging
 + Level 2.1 Stealth
 * Level 6.0 Unarmed Combat


You had 4 spell levels left.
You didn't know any spells.

Dungeon Overview and Level Annotations

Branches:
Dungeon (4/15)
 Temple: D:4-7

Altars:
Gozag
Qazlal
Xom


Innate Abilities, Weirdness & Mutations

Your body is rotting away.
You thrive on raw meat.
You are immune to poison.
You have sharp fingernails.
You are carnivorous and can eat meat at any time.
Your flesh is cold resistant.
You are immune to negative energy.
You regenerate slowly when monsters are visible.
You are immune to unholy pain and torment.
You can survive without breathing.


Message History

The gnoll shaman calls upon its god to speed up the gnoll.
The gnoll seems to speed up.
The gnoll hits you from afar with a spear.
* * * LOW HITPOINT WARNING * * *
The gnoll hits you but does no damage.
You see here a spear.
You feel better. The gnoll barely misses you. The gnoll barely misses you.
You scratch the gnoll.
The gnoll is severely wounded.
The gnoll barely misses you.
The gnoll hits you from afar with a spear!
* * * LOW HITPOINT WARNING * * *
You scratch the gnoll.
You kill the gnoll!
Your Unarmed Combat skill increases to level 6!
This raw flesh tastes great!
The gnoll hits you from afar with a spear.
* * * LOW HITPOINT WARNING * * *
The gnoll hits you from afar with a spear.
You die...

***,**,* *,,,*,****
#.# #..
*,,,,##******,*
#.#####..
******,#.,,,,,,,*
#........
,,,,,*,#.#######*
########.
**##.#.#.#.gg).#
#.......
,,........#g##g#
#.######
**##.#.#..#)##.# #.#
,,,,,,..>.#g##g#####
#.#
****,#..g...##.†@..#
#.#### **
*,###.#.#######.#
#....# ,* *,,,.....*
#.# #..#.# ,*
****#....* #.#
#..#.# ,* ##.#.# #.#
#..#.#
,********,,,***
#.#######..#.#
,*,,,,,,,,,,,,*
#.......#..#.#
,*,,,,,,,,,,,,*
#######.#..#.#
,*,,,,,,,,,,,,*
#.####.#


You could see a gnoll.

Vanquished Creatures
  4 adders
  4 gnolls (D:4)
  3 worms (D:3)
  3 giant geckos
  2 ball pythons (D:3)
  5 giant cockroaches
  9 hobgoblins
  3 jackals (D:2)
  7 bats
  2 giant newts (D:2)
  17 goblins
  8 kobolds
  9 rats
76 creatures vanquished.

Notes
Turn   | Place    | Note
--------------------------------------------------------------
     0 | D:1      | SlimeFever the Ghoul Monk began the quest for the Orb.
     0 | D:1      | Reached XP level 1. HP: 19/19 MP: 0/0
   171 | D:1      | Reached XP level 2. HP: 10/26 MP: 1/1
   763 | D:2      | Found a shimmering altar of Xom.
   918 | D:2      | Reached skill level 5 in Unarmed Combat
   918 | D:2      | Reached XP level 3. HP: 29/29 MP: 2/2
  1228 | D:2      | Found an opulent altar of Gozag.
  1377 | D:2      | Reached XP level 4. HP: 38/38 MP: 3/3
  1850 | D:3      | Found a stormy altar of Qazlal.
  1862 | D:3      | Noticed an earth elemental
  1862 | D:3      | Noticed a water elemental
  1863 | D:3      | Noticed a fire elemental
  1863 | D:3      | Noticed an air elemental
  2081 | D:3      | Reached XP level 5. HP: 15/45 MP: 4/4
  2485 | D:4      | Reached skill level 6 in Unarmed Combat
  2486 | D:4      | Slain by a gnoll

Vault maps used:
D:1:      lemuel_arrival_rhombus
D:2:      nicolae_overflow_crystal_walls, nicolae_gozag_seed_capital
D:3:      kennysheep_the_goblin_king, nicolae_qazlal_style_of_elements,
          first_bread

Action                   |  1- 3 |  4- 6 || total
-------------------------+-------+-------++-------
Melee: Unarmed           |   115 |   117 ||   232
  Use: Scroll            |     2 |     6 ||     8
       Potion            |       |     1 ||     1
 Stab: Sleeping          |     1 |     2 ||     3
  Eat: Chunk             |    12 |     8 ||    20
